Map: Pillars of Gold LE

Players

Seither

  • Race: Terran Terran
  • Spawn Location: 7:00

Probe - Winner!

  • Race: Protoss Protoss
  • League: Master
  • Spawn Location: 1:00

Event: DreamHack SC2 Masters 2020 Fall

VOD

Have the link to the VOD?

Description

Time

  • Played on: Aug. 30, 2020, 6:49 a.m.
  • Length: 10:35

All games in this series

Show
View Real Time Build Order
Export as new Build Order

Seither Terran 

Build Orders:  

Get SALT Encoding   

  12  0:00  SCV  
  13  0:12  SCV  
  14  0:18  Supply Depot  
  14  0:24  SCV  
  15  0:30  Refinery  
  15  0:39  SCV  
  16  0:46  Barracks  
  16  0:51  SCV  
  17  1:04  SCV  
  18  1:10  Engineering Bay  
  18  1:16  SCV  
  19  1:34  Marine  
  19  1:35  Factory  
  20  1:41  Orbital Command  
  20  1:55  Barracks Reactor  
  20  1:57  Supply Depot  
  20  2:09  SCV  
  21  2:21  SCV  
  22  2:28  Refinery  
  22  2:34  Starport  
  22  2:37  Hellion x2  
  22  2:39  SCV, Marine  
  28  2:47  Supply Depot  
  28  2:51  SCV  
  29  2:58  Hellion  
  29  3:05  SCV  
  31  3:08  Hellion, Marine  
  34  3:17  SCV  
  35  3:29  SCV  
  35  3:32  Command Center  
  31  3:49  SCV  
  31  3:50  Factory Tech Lab  
  31  3:54  Command Center  
  31  3:55  Marine x2  
  32  4:02  Supply Depot  
  34  4:03  SCV  
  35  4:10  Siege Tank  
  35  4:16  SCV  
  39  4:23  Marine x2  
  41  4:31  Barracks  
  41  4:34  Barracks  
  41  4:39  SCV  
  42  4:47  Siege Tank  
  42  4:50  Marine  
  42  4:51  Marine  
  47  4:53  SCV  
  48  5:03  Orbital Command  
  48  5:06  SCV  
  49  5:11  Orbital Command  
  49  5:18  SCV  
  50  5:22  Marine x2  
  50  5:23  Barracks Tech Lab  
  52  5:30  SCV  
  52  5:33  Starport, SCV  
  52  5:34  Factory Reactor  
  54  5:39  SCV  
  54  5:41  Stimpack  
  55  5:45  Marine x2  
  55  5:47  SCV x2  
  55  5:49  Combat Shield  
  59  5:53  Marauder  
  61  5:57  Marauder  
  61  6:02  SCV x2  
  65  6:06  Supply Depot, Marine x2  
  65  6:07  Orbital Command  
  67  6:11  Engineering Bay  
  67  6:17  Factory Tech Lab  
  67  6:19  Medivac x2  
  67  6:21  Marauder  
  67  6:23  SCV x2  
  75  6:29  Supply Depot  
  75  6:30  Marine x2  
  75  6:31  Marauder  
  75  6:40  Siege Tank  
  76  6:50  SCV x2  
  76  6:52  Marine x2  
  75  6:56  SCV  
  75  6:59  Viking x2  
  79  7:01  Refinery  
  79  7:08  SCV x3  
  79  7:11  Marauder x2  
  85  7:15  Siege Tank  
  85  7:22  SCV x2  
  83  7:28  Refinery  
  83  7:29  SCV  
  84  7:34  SCV, Marine x2  
  84  7:35  Marauder x2  
  84  7:36  SCV  
  92  7:37  Terran Infantry Weapons Level 1  
  92  7:41  SCV  
  93  7:58  Supply Depot, Marine x2  
  93  7:59  Siege Tank, SCV x2  
  93  8:00  SCV, Supply Depot  
  101  8:09  Barracks  
  101  8:10  Barracks  
  101  8:20  Medivac, Marauder x2, SCV x2  
  101  8:21  Medivac  
  101  8:24  SCV  
  112  8:27  Supply Depot  
  112  8:30  Supply Depot  
  112  8:32  SCV x2  
  114  8:34  Siege Tank  
  117  8:44  SCV x2  
  117  8:45  Marine  
  117  8:46  Marauder  
  117  8:48  SCV, Marine  
  117  8:57  Marine x2  
  117  8:58  Marauder  
  117  8:59  Viking  
  121  9:05  Marine  
  121  9:07  Marauder  
  124  9:12  Supply Depot  
  124  9:13  SCV x2, Supply Depot  
  124  9:15  SCV  
  127  9:20  Marauder  
  119  9:27  Marine x2  
  119  9:29  Marauder  
  109  9:33  Marine  
  109  9:34  Marine  
  95  9:41  Marauder  
  95  9:45  Marine  
  92  9:46  Marine  
  92  9:50  Marauder  
  92  9:51  Marine  
  91  9:54  Marine  
  82  10:02  Marauder  
  73  10:09  Marine  
  73  10:12  Marauder, Marine  
  73  10:14  Marine x2  
Show
View Real Time Build Order
Export as new Build Order

Probe Protoss - Winner!

Build Orders: Colossus Rush 

Get SALT Encoding   

  12  0:00  Probe  
  13  0:12  Probe  
  14  0:18  Pylon  
  14  0:24  Probe (Chrono Boost)  
  15  0:37  Probe (Chrono Boost)  
  15  0:38  Gateway  
  16  0:44  Probe (Chrono Boost)  
  16  0:48  Assimilator  
  17  0:51  Probe  
  18  1:03  Probe  
  19  1:15  Probe  
  20  1:25  Cybernetics Core  
  20  1:29  Assimilator, Zealot, Pylon, Probe  
  23  1:47  Probe  
  24  1:59  Probe  
  24  2:01  Stalker  
  27  2:02  Warp Gate  
  27  2:11  Probe  
  28  2:17  Pylon  
  28  2:24  Probe  
  29  2:31  Stalker  
  31  2:37  Nexus  
  31  2:49  Probe  
  32  2:53  Robotics Facility  
  32  3:02  Probe  
  33  3:10  Gateway  
  32  3:17  Gateway  
  32  3:18  Shield Battery  
  32  3:23  Probe  
  31  3:35  Probe  
  30  3:45  Observer (Chrono Boost)  
  30  3:47  Probe (Chrono Boost)  
  32  3:50  Probe (Chrono Boost)  
  33  3:57  Sentry  
  33  3:58  Observer  
  33  3:59  Probe (Chrono Boost)  
  33  4:02  Probe (Chrono Boost)  
  38  4:06  Probe (Chrono Boost)  
  38  4:07  Probe (Chrono Boost)  
  40  4:14  Probe (Chrono Boost)  
  40  4:15  Robotics Bay  
  42  4:19  Probe (Chrono Boost)  
  42  4:20  Observer  
  43  4:25  Shield Battery  
  43  4:26  Probe (Chrono Boost)  
  45  4:31  Probe (Chrono Boost)  
  45  4:32  Probe (Chrono Boost)  
  46  4:38  Pylon  
  46  4:39  Assimilator  
  46  4:40  Probe x2  
  46  4:41  Assimilator  
  48  4:45  Warp Prism (Chrono Boost)  
  48  4:50  Observer  
  48  4:52  Probe x2  
  52  4:58  Pylon  
  52  5:04  Probe x2  
  54  5:08  Gravitic Drive  
  54  5:16  Probe x2  
  54  5:17  Colossus (Chrono Boost)  
  62  5:28  Probe x2  
  62  5:30  Sentry, Pylon  
  66  5:40  Twilight Council, Probe x2  
  68  5:45  Forge  
  68  5:48  Pylon  
  68  5:54  Pylon  
  68  6:03  Colossus  
  74  6:12  Protoss Ground Weapons Level 1 (Chrono Boost)  
  74  6:15  Nexus  
  74  6:18  Charge (Chrono Boost)  
  74  6:25  Sentry  
  76  6:28  Zealot  
  76  6:30  Shield Battery  
  76  6:32  Probe  
  79  6:35  Probe  
  79  6:39  Zealot  
  82  6:44  Probe  
  83  6:47  Probe  
  84  6:56  Probe  
  84  6:59  Probe  
  84  7:00  Colossus (Chrono Boost)  
  92  7:09  Probe  
  92  7:11  Probe  
  92  7:12  Gateway  
  92  7:15  Gateway  
  94  7:25  Pylon  
  94  7:26  Pylon, Probe x2  
  94  7:29  Probe  
  97  7:33  Observer  
  97  7:38  Probe x2  
  97  7:39  Pylon  
  97  7:40  Gateway  
  97  7:42  Gateway  
  97  7:43  Blink (Chrono Boost), Gateway  
  99  7:45  Probe  
  99  7:50  Probe  
  96  7:52  Probe  
  96  7:57  Probe  
  98  7:59  Zealot x2  
  98  8:02  Probe  
  98  8:04  Templar Archives, Probe  
  104  8:07  Zealot  
  104  8:09  Probe  
  107  8:13  Zealot  
  107  8:15  Probe  
  107  8:18  Disruptor, Assimilator x2  
  113  8:27  Shield Battery  
  113  8:28  Photon Cannon  
  111  8:34  Zealot x2  
  111  8:35  Stalker  
  111  8:39  Stalker x2  
  121  8:46  High Templar x3  
  127  8:54  Disruptor  
  130  8:59  Archon  
  130  9:00  High Templar  
  130  9:01  Probe  
  133  9:04  Pylon  
  133  9:05  Pylon x2  
  133  9:06  Pylon  
  133  9:10  Archon  
  133  9:23  Probe  
  134  9:29  Disruptor  
  134  9:30  Zealot x4  
  145  9:32  Zealot x4  
  140  9:49  Shield Battery  
  140  9:50  Probe  
  140  9:51  Shield Battery  
  140  9:52  Shield Battery  
  135  9:59  Stalker  
  125  10:00  Zealot x7  
  125  10:06  Probe  
  135  10:09  Probe  
  135  10:10  Probe  
  126  10:18  Probe  
  126  10:20  Zealot  
  119  10:21  Probe  
  119  10:22  Probe  

Tags
 
Add a new tag
Caveats
  • Supply blocks, unpowered buildings, or Contaminate may cause inaccurate times.
  • Supply counts are checked every 10 seconds.